 Dungeon Crawl Stone Soup version 0.18.1-8-gdd0e5ea (webtiles) character file.

15 M4edhros the Grave Robber (level 2, -4/17 HPs)
             Began as an Octopode Necromancer on May 23, 2016.
             Slain by a hobgoblin (5 damage)
             ... on level 1 of the Dungeon.
             The game lasted 00:00:51 (139 turns).

M4edhros the Grave Robber (Octopode Necromancer)     Turns: 139, Time: 00:00:51

Health: -4/17      AC:  1    Str:  7    XL:     2   Next: 50%
Magic:  1/5        EV: 12    Int: 17    God:
Gold:   8          SH:  0    Dex: 12    Spells: 2 memorised, 3 levels left

rFire  . . .     SeeInvis .       - Unarmed
rCold  . . .     Gourm    .     (no shield)
rNeg   . . .     Faith    .     (helmet restricted)
rPois  .         Spirit   .     (no amulet)
rElec  .         Dismiss  .     (no ring)
rCorr  .         Reflect  .     (no ring)
SustAt .         Harm     .     (no ring)
MR     .....                    (no ring)
Stlth  ++++......               (no ring)
                                (no ring)
                                (no ring)
                                (no ring)

@: very slightly contaminated, not resistant to hostile enchantments, stealthy
A: almost no armour, amphibious, 8 rings, constrict 8, camouflage 1, gelatinous
body 1
a: no special abilities


You were on level 1 of the Dungeon.
You were not hungry.

You visited 1 branch of the dungeon, and saw 1 of its levels.

You collected 8 gold pieces.

Inventory:

Books
 a - a book of Necromancy

   Spells                             Type                      Level
   a - Pain                           Necromancy                   1
   b - Animate Skeleton               Necromancy                   1
   c - Vampiric Draining              Necromancy                   3
   d - Regeneration                   Charms/Necromancy            3
   e - Animate Dead                   Necromancy                   4
   f - Control Undead                 Necromancy                   4
Comestibles
 b - a bread ration
 c - a chunk of flesh


   Skills:
 - Level 2.0 Dodging
 + Level 3.5 Stealth
 + Level 1.3 Unarmed Combat
 - Level 2.0 Spellcasting
 - Level 4.0 Necromancy


You had 3 spell levels left.
You knew the following spells:

 Your Spells              Type           Power        Failure   Level  Hunger
a - Pain                  Necr           ###.         3%          1    #......
b - Animate Skeleton      Necr           N/A          3%          1    #......


Dungeon Overview and Level Annotations

Branches:
Dungeon (1/15)

Altars:


Innate Abilities, Weirdness & Mutations

You cannot wear most types of armour.
You are amphibious.
You can wear up to eight rings at the same time.
You can use your tentacles to constrict eight enemies at once.
Your skin changes colour to match your surroundings (Stealth).
Your rubbery body absorbs attacks (AC +1).


Message History

Aiming: Pain
Press: ? - help, Shift-Dir - straight line, f/p - hobgoblin
Aim: a hobgoblin (heavily wounded, chance to defeat MR: 92%)
The hobgoblin convulses in agony!
The hobgoblin hits your rat skeleton. The hobgoblin hits your rat skeleton.
The hobgoblin hits your rat skeleton.
Your rat skeleton is destroyed!
You aren't carrying any potions.
Read which item? (? for menu, Esc to quit)
Okay, then.
You aren't carrying any items that you can evoke.
Unknown command.
You swing at nothing.
Really attack while wielding your book of Necromancy? [Y]es or [N]o only, please.
Really attack while wielding your book of Necromancy?
Okay, then.
You are now empty-tentacled.
The hobgoblin hits you.
You die...

### ##<## #...#
.## # ##.##
r.##.# #..#
.....# #.##
#####.##.# #.#
#@.......# #)#
#.g......#
#####.#######
#........#
............#
##......!.+
............#
#.........#
............#
#..........)...
............#
#.######..#####
............#
#.# ..#
............#
#.# ..#


You could see a hobgoblin.

Vanquished Creatures
  2 giant geckos (D:1)
  A bat (D:1)
  A hobgoblin (D:1)
  3 jackals (D:1)
  A giant newt (D:1)
  A kobold (D:1)
  4 rats (D:1)
13 creatures vanquished.

Notes
Turn   | Place    | Note
--------------------------------------------------------------
     0 | D:1      | M4edhros the Octopode Necromancer began the quest for the Orb.
     0 | D:1      | Reached XP level 1. HP: 11/11 MP: 3/3
    28 | D:1      | Reached skill level 1 in Unarmed Combat
    41 | D:1      | Reached XP level 2. HP: 14/17 MP: 1/5
    94 | D:1      | Learned a level 1 spell: Animate Skeleton
   139 | D:1      | Slain by a hobgoblin

Skill      XL: |  1 |
---------------+----+-----
Stealth        | 3 |  3.5
Unarmed Combat | 1 |  1.3
Dodging        | |  2.0
Spellcasting   | |  2.0
Necromancy     | |  4.0

Action                   || total
-------------------------++-------
Melee: Unarmed           ||    22
       Constrict         ||     7
       Tentacles         ||     5
 Cast: Pain              ||    10
       Animate Skeleton  ||     2
Armor: Skin              ||     3
Dodge: Dodged            ||    17
